 Dungeon Crawl Stone Soup version 0.28.0-43-g3370ac3207 (webtiles) character file.

Game seed: 3064357408346903743

913 Gorgormcgor the Sneak (level 8, 0/48 HPs)
             Began as a Kobold Brigand on Mar 1, 2022.
             Slain by a scorpion (6 damage)
             ... on level 5 of the Dungeon.
             The game lasted 00:14:37 (3866 turns).

Gorgormcgor the Sneak (Kobold Brigand)              Turns: 3866, Time: 00:14:37

Health: 0/48       AC:  3    Str:  8    XL:     8   Next: 30%
Magic:  8/8        EV: 16    Int: 12    God:
Gold:   94         SH:  0    Dex: 19    Spells: 7/7 levels left

rFire   . . .      SeeInvis .   o - +3 short sword (freeze)
rCold   + . .      Faith    .   (no shield)
rNeg    . . .      Spirit   .   b - +0 robe
rPois   .          Reflect  .   (no helmet)
rElec   .          Harm     .   l - scarf {repulsion}
rCorr   .          Rampage  .   (no gloves)
Will    .....                   q - +0 pair of boots
Stlth   +++++.....              p - amulet of regeneration
HPRegen 0.96/turn               h - ring of protection from cold
MPRegen 0.11/turn               (no ring)

@: lethally poisoned (0 -> -1), invisible, repel missiles
A: small, no large weapons, nightstalker 3
a: no special abilities


You were on level 5 of the Dungeon.
You visited 1 branch of the dungeon, and saw 5 of its levels.

You collected 175 gold pieces.
You spent 81 gold pieces at shops.

Inventory:

Hand Weapons
 a - a +2 dagger
 o - a +3 short sword of freezing (weapon)
Missiles
 d - 7 poisoned darts
 e - 2 curare-tipped darts (quivered)
Armour
 b - a +0 robe (worn)
 c - a +0 cloak
 f - an orb of wrath
 l - a scarf of repulsion (worn)
 q - a +0 pair of boots (worn)
Jewellery
 h - a ring of protection from cold (left hand)
 n - a +6 ring of intelligence
 p - an amulet of regeneration (around neck)
Wands
 m - a wand of acid (4)
 u - a wand of polymorph (4)
Scrolls
 s - 4 scrolls of identify
 t - a scroll of summoning {unknown}
 v - a scroll of enchant armour {unknown}
 w - a scroll of fog {unknown}
Potions
 i - 2 potions of mutation
 j - 3 potions of curing {unknown}
 k - a potion of flight {unknown}
 r - a potion of heal wounds {unknown}


   Skills:
 + Level 3.9 Fighting
 * Level 6.7 Short Blades
 + Level 4.1 Throwing
 + Level 4.0 Dodging
 + Level 7.9 Stealth
 + Level 3.3 Evocations


You had 7 spell levels left.
You didn't know any spells.
Your spell library contained the following spells:

 Spells                   Type           Power      Damage    Failure   Level
 Blink                    Tloc           0%         N/A       45%         2
 Lesser Beckoning         Tloc           0%         N/A       69%         3
 Animate Armour           Summ/Erth      0%         N/A       97%         4
 Blade Hands              Tmut           0%         N/A       100%        5
 Manifold Assault         Tloc           0%         N/A       100%        5
 Iron Shot                Conj/Erth      0%         9d1       100%        6


Dungeon Overview and Level Annotations

Branches:
Dungeon (5/15)
 Temple: D:4-7

Altars:
Ashenzari

Shops:
D:3 *


Innate Abilities, Weirdness & Mutations

You are small and have problems with some larger weapons.
You are completely attuned to the shadows.


Message History

Press: ? - help, Shift-Dir - straight line, f - orc, p - orc warrior
Aim: an orc, wielding a +0 short sword (74% to hit)
The bolt of acid hits the orc warrior!!
The acid corrodes the orc warrior!
You kill the orc warrior!
The bolt of acid hits the howler monkey!
The acid corrodes the howler monkey!
The howler monkey is almost dead.
The bolt of acid hits the orc!
You kill the orc!
You closely miss the howler monkey.
The howler monkey is almost dead.
The howler monkey closely misses you.
An orc comes into view. It is wielding a +0 hand axe.
You hit the howler monkey. You freeze the howler monkey.
You kill the howler monkey!
Your Dodging skill increases to level 4!
A scorpion comes into view.
The orc throws a boomerang.
The boomerang misses you.
You hit the scorpion but do no damage. The scorpion completely misses you.
You barely miss the scorpion. The scorpion stings you!
You hit the scorpion but do no damage. The scorpion closely misses you.
You hit the scorpion but do no damage. The scorpion misses you.
You completely miss the scorpion. The scorpion closely misses you.
You hit the scorpion but do no damage.
The scorpion stings you but does no damage.
You hit the scorpion. You freeze the scorpion.
The scorpion is moderately wounded.
The scorpion stings you!
You barely miss the scorpion.
The scorpion is moderately wounded.
The scorpion stings you.
You are poisoned.
The scorpion poisons you!
You completely miss the scorpion.
The scorpion is moderately wounded.
You feel sick. The scorpion stings you!
* * * LOW HITPOINT WARNING * * *
You fade into invisibility!
You feel sick. The scorpion stings you.
You die...

### ####.# ####....#
#....##############
###.######....@so...#
#..........#######..#
############## ##.## #### ..#
#..# ##... ...## ###.#####
###.... ....# ###..o##..###......
....# #########................†.
....###......>.†#.##.#####.......
....#...#########†#..# #......


You could see a scorpion and an orc.

Vanquished Creatures
  A water moccasin (D:4)
  An orc warrior (D:5)
  A necrophage (D:5)
  An ogre (D:4)
  A water moccasin zombie (D:3)
  A scorpion (D:5)
  A water moccasin skeleton (D:5)
  A howler monkey (D:5)
  An orc priest (D:4)
  A bullfrog skeleton (D:4)
  An orc wizard (D:4)
  4 iguanas
  A killer bee zombie (D:4)
  Robin (D:3)
  A gnoll (D:1)
  3 adders
  An ufetubus (D:4)
  3 worms
  3 dart slugs
  4 orcs
  10 bats
  6 endoplasms
  6 giant cockroaches
  8 goblins
  7 hobgoblins
  2 jackals (D:2)
  2 quokkas
  4 ball pythons
  3 frilled lizards
  13 kobolds
  6 rats
99 creatures vanquished.

Vanquished Creatures (others)
  6 plants
6 creatures vanquished.

Grand Total: 105 creatures vanquished

Notes
Turn   | Place    | Note
-------+----------+-------------------------------------------
     0 | D:1      | Gorgormcgor the Kobold Brigand began the quest for the Orb.
     0 | D:1      | Reached XP level 1. HP: 12/12 MP: 1/1
    99 | D:1      | Reached XP level 2. HP: 17/17 MP: 2/2
   134 | D:1      | Reached skill level 6 in Stealth
   430 | D:1      | You fall into a shaft and drop 1 floor!
   454 | D:2      | Reached XP level 3. HP: 19/21 MP: 3/3
   794 | D:2      | Reached XP level 4. HP: 4/26 MP: 4/4
  1103 | D:2      | Found a faded altar of an unknown god.
  2358 | D:3      | Reached XP level 5. HP: 31/31 MP: 5/5
  2445 | D:3      | Found Zeimpauh's Assorted Antiques.
  2450 | D:3      | Bought a scroll of identify for 54 gold pieces
  2450 | D:3      | Bought a scroll labelled NUH RENECLUYNU for 27 gold pieces
  2471 | D:3      | Reached skill level 1 in Evocations
  2586 | D:3      | Reached XP level 6. HP: 31/36 MP: 6/6
  2828 | D:3      | Noticed Robin
  2843 | D:3      | Killed Robin
  2998 | D:4      | Reached skill level 7 in Stealth
  3025 | D:4      | Found a broken altar of Ashenzari.
  3141 | D:4      | Reached skill level 5 in Short Blades
  3156 | D:4      | Noticed an ogre
  3159 | D:4      | Killed an ogre
  3160 | D:4      | Reached XP level 7. HP: 34/41 MP: 7/7
  3416 | D:4      | Noticed a water moccasin
  3420 | D:4      | Killed a water moccasin
  3552 | D:4      | Noticed a water moccasin
  3652 | D:5      | Entered Level 5 of the Dungeon
  3740 | D:5      | Reached XP level 8. HP: 46/48 MP: 8/8
  3866 | D:5      | Slain by a scorpion

Illustrated notes

Levels and vault maps discovered:
D:1:      dpeg_arrival_ternary, layout_rooms, serial_bayou_pond_a,
          lemuel_another_geyser
D:2:      layout_rooms, basic_ecumenical_altar, lexackson_kobold_supper
D:3:      layout_basic, serial_shops, shop, amcnicky_mini_rare_corridor_liquid,
          uniq_robin
D:4:      layout_cave_pools, mainiacjoe_overflow_tiny_flanked,
          hangedman_decor_points
D:5:      layout_rooms, lemuel_coloured_pillars_altar,
          minmay_temple_entry_junction_2

Skill      XL: |  1  2  3  4  5  6  7  8 |
---------------+-------------------------+-----
Short Blades   | 3 4 5 6 |  6.7
Stealth        | 6 7 |  7.9
Dodging        | 2 3 4 |  4.0
Evocations     | 1 2 3 |  3.3
Throwing       | 3 4 |  4.1
Fighting       | 3 |  3.9

Action                   |  1- 3 |  4- 6 |  7- 9 || total
-------------------------+-------+-------+-------++-------
Melee: Dagger            |   102 |    53 |       ||   155
       Short sword       |       |    91 |    87 ||   178
       Punch             |       |     1 |     1 ||     2
Throw: Dart              |    15 |     9 |       ||    24
Evoke: Wand              |       |     3 |     4 ||     7
  Use: Scroll            |       |     6 |       ||     6
       Potion            |       |       |     1 ||     1
 Stab: Sleeping          |     6 |    16 |     3 ||    25
Armor: Robe              |    23 |    19 |     7 ||    49
Dodge: Dodged            |    69 |   100 |    46 ||   215
       Repelled          |       |     1 |       ||     1
